 Dungeon Crawl Stone Soup version 0.22.0-75-g3901e7991e (webtiles) character file.

52 Eralyen the Caller (level 3, -3/26 HPs)
             Began as a Draconian Summoner on Sept 12, 2018.
             Killed from afar by a white imp (5 damage)
             ... with a puff of frost
             ... summoned by Natasha
             ... on level 2 of the Dungeon.
             The game lasted 00:14:11 (1751 turns).

Eralyen the Caller (Draconian Summoner)             Turns: 1751, Time: 00:14:11

Health: -3/26      AC:  5    Str: 10    XL:     3   Next: 60%
Magic:  1/6        EV: 12    Int: 16    God:
Gold:   52         SH:  0    Dex: 11    Spells: 4/7 levels left

rFire    . . .     SeeInvis .   f - -1 hunting sling (curse)
rCold    . . .     Gourm    .   (no shield)
rNeg     . . .     Faith    .   (armour unavailable)
rPois    .         Spirit   .   (helmet restricted)
rElec    .         Reflect  .   (no cloak)
rCorr    .         Harm     .   (no gloves)
MR       .....                  (no boots)
Stlth    ++........             (no amulet)
HPRegen  0.08/turn              (no ring)
MPRegen  0.10/turn              (no ring)

@: no status effects
A: unfitting armour, cold-blooded, AC +5
a: no special abilities


You were on level 2 of the Dungeon.
You were not hungry.

You visited 1 branch of the dungeon, and saw 2 of its levels.

You collected 52 gold pieces.

Inventory:

Hand Weapons
 c - a +1 dagger
 f - a cursed -1 hunting sling (weapon)
Missiles
 a - 18 arrows
Potions
 h - a potion of resistance
Comestibles
 b - 3 rations


   Skills:
 + Level 0.1 Fighting
 + Level 2.1 Dodging
 + Level 2.0 Stealth
 + Level 2.6 Spellcasting
 + Level 4.7 Summonings


You had 4 spell levels left.
You knew the following spells:

 Your Spells              Type           Power        Failure   Level  Hunger
a - Summon Small Mammal   Summ           ###.         2%          1    #......
b - Call Imp              Summ           ###.....     4%          2    ##.....

Your spell library contained the following spells:

 Spells                   Type           Power        Failure   Level  Hunger
 Call Canine Familiar     Summ           ###.....     9%          3    ###....
 Summon Guardian Golem    Hex/Summ       #.......     22%         3    ###....
 Summon Ice Beast         Ice/Summ       #.......     58%         4    #####..
 Summon Lightning Spire   Summ/Air       #.......     58%         4    #####..


Dungeon Overview and Level Annotations

Branches:
Dungeon (2/15)

Altars:
Qazlal
Uskayaw

Annotations:
D:2 Natasha


Innate Abilities, Weirdness & Mutations

Your plain brown scales are hard. (AC +5)
You cannot fit into any form of body armour.
You are cold-blooded and may be slowed by cold attacks.


Message History

The crimson imp barely misses you.
The white imp hits you but does no damage.
The rat barely misses your white imp. The white imp hits you.
The white imp freezes you.
* * * LOW HITPOINT WARNING * * *
Your white imp gestures at the white imp.
The puff of frost misses the white imp.
Things that are here:
a whip; an animal skin; a helmet The white imp hits you but does no damage.
The rat misses your white imp. The white imp hits your white imp.
The white imp freezes your white imp.
Your white imp completely resists.
Natasha stares at you and mumbles some strange words.
The magic dart hits you!
* * * LOW HITPOINT WARNING * * *
Your white imp hits the white imp but does no damage.
The white imp gestures at you. The puff of frost hits you!
You die...

##....# #..##.##
#.###..##
#.#..#..#
#.#...#.#
#.#.#...#
#r##r#.##
#g#.55#.#
########r#.#h5@#
#.......g#..#..#
#........##.5###
##.#.#.#.####_#
# #........#
#### ..
##.#.#.#.# #..
.. #....#.#
##.##5# ##.#.#g#
#.... #.#.#.#
#..#


You could see Natasha, a crimson imp, 2 white imps, a rat and a friendly white
imp.

Vanquished Creatures
  A goblin (D:1)
1 creature vanquished.

Vanquished Creatures (collateral kills)
  Jessica (D:2)
  Robin (D:2)
  2 oozes
  2 leopard geckos
  3 bats (D:1)
  2 giant cockroaches
  11 goblins
  6 hobgoblins
  2 jackals (D:1)
  A ball python (D:1)
  4 frilled lizards (D:1)
  3 kobolds
  3 rats
41 creatures vanquished.

Grand Total: 42 creatures vanquished

Notes
Turn   | Place    | Note
-------+----------+-------------------------------------------
     0 | D:1      | Eralyen the Draconian Summoner began the quest for the Orb.
     0 | D:1      | Reached XP level 1. HP: 14/14 MP: 3/3
   269 | D:1      | Reached XP level 2. HP: 19/20 MP: 5/5
   273 | D:1      | Learned a level 2 spell: Call Imp
  1299 | D:2      | Found a hide-covered altar of Uskayaw.
  1354 | D:2      | Noticed Jessica
  1367 | D:2      | Killed Jessica
  1367 | D:2      | Reached XP level 3. HP: 25/26 MP: 1/6
  1679 | D:2      | Noticed Robin
  1733 | D:2      | Noticed Natasha
  1740 | D:2      | Found a stormy altar of Qazlal.
  1748 | D:2      | Killed Robin
  1751 | D:2      | Killed from afar by a white imp

Skill      XL: |  1  2  3 |
---------------+----------+-----
Dodging        | 2 |  2.1
Stealth        | 2 |  2.0
Fighting       | |  0.1
Spellcasting   | |  2.6
Summonings     | |  4.7

Action                   || total
-------------------------++-------
Melee: Unarmed           ||     4
       Hunting sling     ||     1
 Cast: Summon Small Mamm ||    27
       Call Imp          ||    25
  Use: Scroll            ||     3
       Potion            ||     1
  Eat: Ration            ||     1
       Chunk             ||     1
Armor: Skin              ||    21
Dodge: Dodged            ||    51
